 Dungeon Crawl Stone Soup version 0.30-b1-2-g02819fbbbe (webtiles) character file.

Game seed: 11120794750071210212

20678 Flugkiller the Fighter (level 12, -4/81 HPs)
             Began as a Gargoyle Fighter on May 13, 2023.
             Was an Elder of the Shining One.
             Slain by a large slime creature (22 damage)
             ... on level 13 of the Dungeon.
             The game lasted 00:15:45 (13064 turns).

Flugkiller the Fighter (Gargoyle Fighter)          Turns: 13064, Time: 00:15:45

Health: -4/81      AC: 33    Str: 24    XL:     12   Next: 82%
Magic:  20/20      EV:  7    Int: 10    God:    the Shining One [****..]
Gold:   1053       SH:  5    Dex:  9    Spells: 11/11 levels left

rFire   . . .        C - +5 war axe
rCold   + . .        c - +0 buckler
rNeg    + + +        l - +0 plate armour
rPois   ∞            (helmet restricted)
rElec   +            x - +0 cloak
rCorr   .            (no gloves)
SInv    .            E - +2 pair of boots
Will    .....        (no amulet) Stlth
                     p - ring of protection from cold
HPRegen 0.33/turn    B - +4 ring of protection
MPRegen 0.17/turn

%: no passive effects
@: glowing, studying Armour
A: sickness immunity, AC +8, negative energy resistance 1, electricity
resistance, torment resistance 1, petrification resistance, antennae 1, talons
1, iridescent scales 1, high MP 1
a: Renounce Religion, Divine Shield, Cleansing Flame


You were on level 13 of the Dungeon.
You worshipped the Shining One.
The Shining One was greatly pleased with you.
You visited 2 branches of the dungeon, and saw 14 of its levels.

You collected 1120 gold pieces.
You spent 67 gold pieces at shops.

Inventory:

Hand Weapons
 C - a +5 war axe (weapon)
   (You took it off a wight on level 8 of the Dungeon)
Missiles
 b - 12 curare-tipped darts
 i - 17 boomerangs (quivered)
 G - 5 javelins
Armour
 a - a +0 helmet
   (You took it off Robin on level 4 of the Dungeon)
 c - a +0 buckler (worn)
 g - +0 ice dragon scales
   (You found it on level 4 of the Dungeon)
 l - a +0 plate armour (worn)
   (You found it on level 3 of the Dungeon)
 x - a +0 cloak (worn)
   (You bought it in a shop on level 7 of the Dungeon)
 E - a +2 pair of boots (worn)
   (You found it on level 9 of the Dungeon)
Jewellery
 p - a ring of protection from cold (left hand)
   (You found it on level 6 of the Dungeon)
 B - a +4 ring of protection (right hand)
   (You found it on level 8 of the Dungeon)
 I - an amulet of magic regeneration
   (You found it on level 11 of the Dungeon)
Wands
 f - a wand of acid (2)
   (You found it on level 6 of the Dungeon)
 o - a wand of charming (7)
   (You found it on level 3 of the Dungeon)
 y - a wand of digging (4)
   (You took it off Duvessa on level 7 of the Dungeon)
Scrolls
 t - 3 scrolls of teleportation
 u - 2 scrolls of fog
 z - a scroll of blinking
 A - a scroll of vulnerability
 H - a scroll of fear
 J - 2 scrolls of magic mapping
Potions
 d - 2 potions of might
 e - 2 potions of ambrosia
 h - 4 potions of haste
 k - 2 potions of cancellation
 m - 3 potions of attraction
 n - a potion of resistance
 q - 6 potions of curing
 s - 3 potions of brilliance
 w - 2 potions of heal wounds
 F - a potion of mutation
Miscellaneous
 D - a box of beasts (inert)
   (You found it on level 11 of the Dungeon)


   Skills:
 * Level 12.0 Fighting
 * Level 10.0 Axes
 + Level 9.3 Armour
 + Level 8.8 Shields
 * Level 8.9 Invocations
 + Level 5.9 Evocations


You had 11 spell levels left.
You didn't know any spells.
Your spell library contained the following spells:

 Spells                   Type           Power      Damage    Failure   Level
 Apportation              Tloc           0%         N/A       99%         1
 Freeze                   Ice            0%         1d3       99%         1
 Magic Dart               Conj           0%         1d3       99%         1
 Necrotise                Necr           0%         1d4       99%         1
 Slow                     Hex            0%         N/A       99%         1
 Summon Small Mammal      Summ           0%         N/A       99%         1
 Call Imp                 Summ           0%         N/A       100%        2
 Confusing Touch          Hex            0%         N/A       100%        3
 Frozen Ramparts          Ice            0%         1d1       100%        3
 Hailstorm                Conj/Ice       0%         3d3       100%        3
 Mephitic Cloud           Conj/Pois/Air  0%         N/A       100%        3
 Summon Guardian Golem    Hex/Summ       0%         N/A       100%        3
 Vampiric Draining        Necr           0%         2d6       100%        3
 Alistair's Intoxication  Tmut/Pois      0%         N/A       100%        5
 Borgnjor's Vile Clutch   Necr/Erth      0%         N/A       100%        5
 Eringya's Noxious Bog    Tmut/Pois      0%         N/A       100%        6
 Orb of Destruction       Conj           0%         9d5       100%        7
 Spellforged Servitor     Conj/Summ      0%         N/A       100%        7


Dungeon Overview and Level Annotations

Branches:
Dungeon (13/15) Zot: 25453  Temple (1/1) D:4 Zot: 5967    Lair (0/5) D:9
    Orc (0/2) D:12
 Vaults: D:13-14

Altars:
Ashenzari
Cheibriados
Dithmenos
Elyvilon
Gozag
Hepliaklqana
Makhleb
Nemelex Xobeh
Qazlal
Sif Muna
Trog
Xom
Yredelemnul
Zin
The Shining One

Shops:
D:6 :   D:7 [   D:10 (

Portals:
Trove: D:11 (give +7 demon blade)

Annotations:
D:4 1 runed translucent door, Crazy Yiuf
D:10 Maggie, Psyche
D:11 exclusion: upstairs


Innate Abilities, Weirdness & Mutations

You are immune to sickness and miasma.
Your stone body is resilient. (AC +8)
You are immune to poison.
You resist negative energy. (rN+)
You are resistant to electric shocks. (rElec)
You are resistant to unholy torment.
You are immune to petrification.
You have a pair of small antennae on your head.
You have sharp toenails.
You are partially covered in iridescent scales. (AC +2)
You have an increased reservoir of magic. (+10% MP)


Message History

You are too injured to fight recklessly!
You are too injured to fight recklessly!
You slash the manticore!
The manticore is severely wounded.
The manticore barely misses you.
The manticore claws you but does no damage. x2
You slash the manticore!
You kill the manticore!
Your Fighting skill increases to level 12!
Your Axes skill increases to level 10!
The barbed spikes dig painfully into your body as you move.
You see here a manticore corpse.
You start resting.
You carefully extract the barbed spikes from your body.
You start resting.
HP restored.
Okay, then.
A slime creature is nearby!
A slime creature is nearby!
A slime creature is nearby!
The slime creature quivers. 2 slime creatures come into view.
The slime creature quivers. x4
A slime creature comes into view.
Two slime creatures merge to form a large slime creature.
Two slime creatures merge to form a large slime creature.
You slash the slime creature!
The slime creature is lightly wounded.
You block the slime creature's attack.
You slash the slime creature!
The slime creature is moderately wounded.
The slime creature hits you but does no damage.
You slash the slime creature!
The slime creature is severely wounded.
The slime creature hits you.
The slime creature quivers.
You slice the slime creature!!
You kill the slime creature!
A cyclops comes into view.
The cyclops shouts!
The cyclops throws a large rock.
The large rock hits you but does no damage.
The cyclops throws a large rock.
The large rock hits you!
The cyclops throws a large rock.
The large rock barely misses you.
There is a stone staircase leading up here.
You climb upwards.
Level annotation: exclusion: 2 downstairs
There is a stone staircase leading down here.
You start resting.
HP restored.
You see here a book of Frost.
You see here a +0 flail.
There is an escape hatch in the floor here.
Things that are here:
a +0 giant club; a +0 giant club You see here a +0 shortbow.
There is a stone staircase leading down, spattered with blood here.
You climb downwards.
There is a stone staircase leading up here.
A slime creature is nearby!
A slime creature is nearby!
The slime creature quivers.
The slime creature quivers. x2
The slime creature quivers.
You hit the slime creature.
The slime creature is lightly wounded.
The slime creature barely misses you.
You slice the slime creature!!
The slime creature is moderately wounded.
The slime creature hits you but does no damage.
The slime creature hits you!
You slash the slime creature!
The slime creature is heavily wounded.
You hit the slime creature. You slash the slime creature!
The slime creature hits you!
The slime creature hits you but does no damage. x2
You slash the slime creature!
The slime creature is severely wounded.
You slash the slime creature! x2
The slime creature hits you but does no damage. x2
The slime creature hits you.
You slash the slime creature!
The slime creature is almost dead.
You slash the slime creature! x2
Two slime creatures merge to form a large slime creature.
The slime creature hits you but does no damage. x2
The slime creature quivers.
You hit the slime creature.
The slime creature is severely wounded.
You slash the large slime creature! You hit the slime creature.
The large slime creature hits you! The slime creature hits you!
The slime creature hits you but does no damage.
You are too injured to fight recklessly!
The large slime creature attacks as you move away!
The large slime creature hits you!!
* * * LOW HITPOINT WARNING * * *
Two slime creatures merge to form a large slime creature.
The large slime creature attacks as you move away!
The large slime creature hits you!!
You die...

#....#.#.........................
........................##....#.#
.......[...............##....#...
#...###...............#......##..
#....#................#......##..
#...............##....#.......##.
##..............[.......<........
#...)......................#.....
................@...)............
##.......).....JJ##..............
#................)).............
#..............##).##..#........
##..............................
##.<..[...........#.........##...
#..............J..#..............
.................................
#.....##........<................


You could see 2 large slime creatures and a slime creature.

Vanquished Creatures
  3 centaur warriors
  10 two-headed ogres
  Urug (D:10)
  A manticore (D:13)
  Joseph (D:10)
  A guardian serpent (shapeshifter) (D:12)
  A gargoyle (D:12)
  An unseen horror (D:12)
  3 kobold demonologists
  3 tengu conjurers
  4 trolls
  A hornet (D:11)
  A slime creature (D:13)
  10 yaks
  A shadow (D:12)
  3 wraiths
  A steam dragon (D:8)
  4 water moccasins
  2 acid dragons
  Duvessa (D:7)
  4 orc warriors
  A black bear (D:4)
  A hornet zombie (D:7)
  An ice beast (D:6)
  A sky beast (D:7)
  7 centaurs
  An ogre (D:8)
  2 phantoms (D:5)
  5 kobold brigands
  A gnoll sergeant (D:9)
  2 wyvern zombies (D:7)
  3 scorpions
  17 wights
  Dowan (D:7)
  8 howler monkeys
  4 electric eels (D:10)
  3 centaur zombies (D:7)
  A bullfrog zombie (D:7)
  4 hounds
  8 orc priests
  A jelly (D:4)
  Ijyb (D:4)
  2 gnoll boudas (D:8)
  2 sleepcaps
  2 iguanas
  14 orc wizards
  A howler monkey zombie (D:7)
  Robin (D:4)
  5 adders
  15 gnolls
  2 shadow imps
  2 white imps
  2 ufetubi
  2 worms
  8 dart slugs
  68 orcs
  An endoplasm (D:2)
  4 giant cockroaches
  19 goblins
  12 hobgoblins
  6 jackals
  5 quokkas
  8 ball pythons
  4 bats
  5 frilled lizards
  32 kobolds
  4 rats
356 creatures vanquished.

Vanquished Creatures (collateral kills)
  An ice beast (D:6)
  A wight (D:6)
2 creatures vanquished.

Vanquished Creatures (others)
  2 wights (D:6)
  An adder (D:6)
  An orc (D:8)
  3 plants (D:10)
7 creatures vanquished.

Grand Total: 365 creatures vanquished

Notes
Turn   | Place    | Note
-------+----------+-------------------------------------------
     0 | D:1      | Flugkiller the Gargoyle Fighter began the quest for the
                  | Orb.
     0 | D:1      | Reached XP level 1. HP: 14/14 MP: 1/1
    81 | D:1      | Reached XP level 2. HP: 19/19 MP: 2/2
   494 | D:1      | Reached XP level 3. HP: 24/24 MP: 3/3
  1008 | D:2      | Reached skill level 4 in Fighting
  1100 | D:2      | Reached XP level 4. HP: 28/29 MP: 4/4
  1912 | D:3      | Reached XP level 5. HP: 30/34 MP: 5/5
  2430 | D:4      | Noticed a black bear
  2433 | D:4      | Reached XP level 6. HP: 21/40 MP: 6/6
  2437 | D:4      | Reached skill level 5 in Fighting
  2444 | D:4      | Killed a black bear
  2446 | D:4      | Reached XP level 7. HP: 24/44 MP: 7/7
  2448 | D:4      | Noticed Ijyb
  2762 | D:4      | Killed Ijyb
  2804 | D:4      | Found a broken altar of Ashenzari.
  2804 | D:4      | Found a shimmering blue altar of Sif Muna.
  2813 | D:4      | Noticed Robin
  2828 | D:4      | Killed Robin
  2973 | D:4      | Reached skill level 6 in Fighting
  2979 | D:4      | Found a staircase to the Ecumenical Temple.
  3098 | D:4      | Found a bloodstained altar of Trog.
  3284 | Temple   | Entered the Ecumenical Temple
  3306 | Temple   | Became a worshipper of the Shining One
  3408 | D:4      | Found a runed translucent door.
  3409 | D:4      | Noticed Crazy Yiuf
  3464 | D:5      | Entered Level 5 of the Dungeon
  3545 | D:5      | Reached skill level 5 in Armour
  3545 | D:5      | Reached skill level 5 in Shields
  3655 | D:5      | Reached XP level 8. HP: 51/51 MP: 8/8
  3764 | D:5      | Reached skill level 5 in Axes
  3764 | D:5      | Reached skill level 1 in Invocations
  3764 | D:5      | Reached skill level 1 in Evocations
  4474 | D:6      | Gained mutation: You have an increased reservoir of magic.
                  | (+10% MP) [potion of mutation]
  4474 | D:6      | Gained mutation: You have sharp toenails. [potion of
                  | mutation]
  4474 | D:6      | Gained mutation: You are partially covered in iridescent
                  | scales. (AC +2) [potion of mutation]
  4474 | D:6      | Gained mutation: You have a pair of small antennae on your
                  | head. [potion of mutation]
  4527 | D:6      | Reached skill level 7 in Fighting
  4674 | D:6      | Reached * piety under the Shining One
  4683 | D:6      | Found Cuduusen's Book Shop.
  4777 | D:6      | Found a stormy altar of Qazlal.
  5398 | D:7      | Reached XP level 9. HP: 48/57 MP: 12/12
  5460 | D:7      | Found a basalt altar of Yredelemnul.
  5517 | D:7      | Reached ** piety under the Shining One
  5657 | D:7      | Reached skill level 8 in Fighting
  5722 | D:7      | Found a white marble altar of Elyvilon.
  5722 | D:7      | Found a shimmering altar of Xom.
  5746 | D:7      | Noticed Duvessa
  5746 | D:7      | Noticed Dowan
  5753 | D:7      | Killed Duvessa
  5755 | D:7      | Killed Dowan
  5852 | D:7      | Found Iwkanes's Armour Boutique.
  5861 | D:7      | Bought a +0 cloak for 67 gold pieces
  6691 | D:8      | Reached XP level 10. HP: 53/65 MP: 14/14
  6806 | D:8      | Reached *** piety under the Shining One
  6864 | D:8      | Reached skill level 9 in Fighting
  7206 | D:8      | Found a sparkling altar of Nemelex Xobeh.
  7526 | D:9      | Noticed a two-headed ogre
  7531 | D:9      | Killed a two-headed ogre
  7602 | D:9      | Found an opulent altar of Gozag.
  7703 | D:9      | Found a staircase to the Lair.
  8151 | D:9      | Identified a scroll of acquirement
  8155 | D:10     | Entered Level 10 of the Dungeon
  8171 | D:10     | Reached skill level 5 in Invocations
  8422 | D:10     | Found Gysunet's Antique Weapon Boutique.
  8435 | D:10     | Found the +7 staff of the Meek {protect, meekguard}
  8489 | D:10     | Noticed Maggie
  8502 | D:10     | Noticed a two-headed ogre
  8512 | D:10     | Killed a two-headed ogre
  8513 | D:10     | Reached skill level 10 in Fighting
  8513 | D:10     | Reached XP level 11. HP: 58/72 MP: 16/16
  8658 | D:10     | Noticed Urug
  8679 | D:10     | Killed Urug
  8697 | D:10     | Found a burning altar of Makhleb.
  8756 | D:10     | Reached **** piety under the Shining One
  8856 | D:10     | Noticed Psyche
  8952 | D:10     | Noticed Joseph
  8974 | D:10     | Killed Joseph
  9281 | D:10     | Found a hazy altar of Hepliaklqana.
  9398 | D:11     | Noticed a two-headed ogre
  9406 | D:11     | Killed a two-headed ogre
  9557 | D:11     | Noticed a two-headed ogre
  9567 | D:11     | Killed a two-headed ogre
  9586 | D:11     | Noticed a two-headed ogre
  9598 | D:11     | Killed a two-headed ogre
  9599 | D:11     | Reached skill level 5 in Evocations
  9982 | D:11     | Found a portal to a secret trove of treasure.
 10297 | D:11     | Noticed a two-headed ogre
 10311 | D:11     | Killed a two-headed ogre
 10312 | D:11     | Reached skill level 11 in Fighting
 10563 | D:12     | Noticed a two-headed ogre
 10572 | D:12     | Killed a two-headed ogre
 10573 | D:12     | Reached XP level 12. HP: 77/80 MP: 19/19
 10608 | D:12     | Found a staircase to the Orcish Mines.
 10890 | D:12     | Noticed a two-headed ogre
 10906 | D:12     | Killed a two-headed ogre
 11188 | D:12     | Noticed a two-headed ogre
 11221 | D:12     | Killed a two-headed ogre
 11504 | D:12     | Acquired a manual of Armour
 11528 | D:13     | Noticed a centaur warrior
 11530 | D:13     | Noticed a centaur warrior
 11746 | D:13     | Noticed a centaur warrior
 11945 | D:12     | Killed a centaur warrior
 12331 | D:13     | Killed a centaur warrior
 12343 | D:13     | Killed a centaur warrior
 12421 | D:13     | Noticed a two-headed ogre
 12443 | D:13     | Killed a two-headed ogre
 12740 | D:13     | Reached skill level 12 in Fighting
 12740 | D:13     | Reached skill level 10 in Axes
 13064 | D:13     | Slain by a large slime creature

Illustrated notes

Levels and vault maps discovered:
D:1:      dpeg_arrival_morbid_curiosity, layout_loops_ring, st_stairs_14
D:2:      layout_rooms, serial_co_window_serial, co_window_corner_a,
          co_window_paths_a, co_window_paths_a, co_window_paths_a,
          co_window_corner_a, co_window_paths_a, co_window_corner_ca,
          co_window_broadway_c, co_window_unsneaky_path_b, co_window_corner_ca,
          co_window_2corner, glass_columns_a, glass_columns_b, glass_columns_a,
          glass_columns_a
D:3:      layout_basic
D:4:      layout_cave_pools, nicolae_overflow_two_pavilions,
          mainiacjoe_overflow_concentric_impassable,
          minmay_temple_entry_nine_rooms, uniq_robin, uniq_crazy_yiuf_cottage,
          uniq_ijyb
D:5:      layout_gridville
D:6:      wander_river, layout_basic, nicolae_overflow_crystal_walls,
          serial_shops, shop, glass_columns_b
D:7:      layout_loops_corners, nicolae_yredelemnul_corpse_copse,
          chequers_temple_overflow_statue_of_worship, serial_shops, shop,
          uniq_duvessa
D:8:      layout_rooms, nemelex_diamond_rough_becter, special_room
          [special_room_orc], hangedman_decor_lopped, nrook_loot_triangle
D:9:      layout_basic, mainiacjoe_overflow_cross_hatched, dpeg_oklobed_lair
D:10:     layout_roguey, lightli_temple_of_fire,
          worldfamousw_hep_ancestral_shrine, serial_shops,
          nicolae_shop_hallway_plus, serial_bayou_lagoon_b, uniq_maggie,
          uniq_joseph, uniq_psyche, uniq_urug
D:11:     layout_cave_pods, nicolae_trove_entry_diagonal
D:12:     layout_basic, hiddenorc2_lemuel
D:13:     layout_cave_pools
Temple:   jpeg_temple_clearing

Skill      XL: |  1  2  3  4  5  6  7  8  9 10 11 12 |
---------------+-------------------------------------+-----
Axes           | 2 3 4 5 6 8 9 10 | 10.0
Fighting       | 4 5 6 7 8 10 11 12 | 12.0
Armour         | 4 5 6 7 8 9 |  9.3
Shields        | 4 5 6 7 8 |  8.8
Invocations    | 2 3 5 7 8 |  8.9
Evocations     | 2 3 4 5 |  5.9

Action                     |  1- 3 |  4- 6 |  7- 9 | 10-12 || total
---------------------------+-------+-------+-------+-------++-------
  Melee: War axe           |   124 |   103 |   380 |   529 ||  1136
         Kick              |       |       |    78 |    42 ||   120
  Throw: Boomerang         |       |       |       |    17 ||    17
 Invoke: Divine Shield     |       |       |       |     7 ||     7
  Evoke: Wand              |       |       |     4 |     3 ||     7
         Box of beasts     |       |       |       |     1 ||     1
    Use: Scroll            |       |     2 |     5 |    15 ||    22
         Potion            |       |     3 |     7 |     2 ||    12
 Armour: Scale mail        |    76 |    12 |       |       ||    88
         Plate armour      |       |   113 |   336 |   455 ||   904
         Skin              |       |       |    16 |       ||    16
  Dodge: Dodged            |    62 |    53 |   111 |   185 ||   411
  Block: Buckler           |    29 |    30 |    77 |   242 ||   378
